 Dungeon Crawl Stone Soup version 0.32-a0-12-g7fc57aa741 (webtiles) character file.

Game seed: 571425471209440342

14846 mandarbmax the Grappler (level 11, -6/99 HPs)
             Began as a Red Draconian Shapeshifter on Jan 14, 2024.
             Was a High Priest of Ru.
             Killed from afar by a lindwurm (52 damage)
             ... with a blast of flame
             ... summoned by Kirke
             ... on level 12 of the Dungeon.
             The game lasted 00:28:15 (10478 turns).

mandarbmax the Grappler (DrSh)                     Turns: 10478, Time: 00:28:15

Health: -6/99      AC:  0    Str: 22    XL:     11   Next: 94%
Magic:  11/11      EV: 30    Int: 10    God:    Ru [*****.]
Gold:   1047       SH:  0    Dex: 10    Spells: 10/10 levels left

rFire   x .          .
                       - Unarmed
rCold   x . .        D - melded orb {light}
rNeg    . . .        (body armour unavailable)
rPois   .            (helmet currently unavailable)
rElec   .            (cloak currently unavailable)
rCorr   .            h - melded +2 pair of gloves {hurl}
SInv    .            A - melded +2 pair of boots {Stlth+}
Will    .....        v - amulet of the acrobat
Stlth   +            t - melded +6 ring of strength
HPRegen 0.36/turn    x - melded ring of protection from cold
MPRegen 0.12/turn

%: acrobat
@: pig-form, acrobatic, slowed
A: fast, no casting, (breathe fire), AC +7, small, unfitting armour, (fire
resistance 1), (cold-blooded), inability to use devices, no hexes magic, no ice
magic, no summoning magic, temperature sensitive
a: Renounce Religion, Draw Out Power, Power Leap, Apocalypse


You were on level 12 of the Dungeon.
You worshipped Ru.
Ru was extremely pleased with you.
You were a filthy swine.
You visited 2 branches of the dungeon, and saw 13 of its levels.
You also visited: Ossuary and Bailey.

You collected 1047 gold pieces.

Inventory:

Missiles
 c - 8 javelins
 i - 6 curare-tipped darts
 l - 23 poisoned darts
 y - 3 throwing nets
 E - 4 atropa-tipped darts
 H - 7 boomerangs
Armour
 a - a +0 buckler
 h - a +2 pair of gloves of hurling (melded)
 A - a +2 pair of boots of stealth (melded)
 D - an orb of light (melded)
Jewellery
 d - the ring "Fav Umek" {Wiz Int+2}
   (You found it in a bailey)

   [ring of wizardry]

   Wiz:       It improves your spell success rate.
   Int+2:     It affects your intelligence (+2).
 r - a ring of protection from fire
 s - a ring of positive energy
 t - a +6 ring of strength (melded)
 v - an amulet of the acrobat (around neck)
 x - a ring of protection from cold (melded)
Talismans
 I - a storm talisman
 J - a maw talisman
 O - a blade talisman (active)
Scrolls
 g - 5 scrolls of teleportation
 j - 3 scrolls of fog
 k - 2 scrolls of poison
 o - 3 scrolls of fear
 p - a scroll of immolation
 q - 4 scrolls of enchant armour
 u - 2 scrolls of torment
 w - 2 scrolls of amnesia
 B - a scroll of blinking
 C - a scroll of enchant weapon
 L - 2 scrolls of revelation
 Q - a scroll of brand weapon {unknown}
 R - a scroll of vulnerability
Potions
 b - 2 potions of brilliance {unknown}
 e - 5 potions of curing
 f - 3 potions of magic
 m - a potion of haste
 n - 5 potions of heal wounds
 z - 2 potions of enlightenment
 F - a potion of invisibility
 G - 3 potions of might
 K - 2 potions of mutation {unknown}
 M - 2 potions of ambrosia {unknown}
 N - a potion of cancellation
 P - 2 potions of attraction {unknown}


   Skills:
 + Level 9.8 Fighting
 + Level 5.6 Dodging
 * Level 13.0 Unarmed Combat
 + Level 10.1 Shapeshifting


You had 10 spell levels left.
You didn't know any spells.
Your spell library contained the following spells:

 Spells                   Type           Power      Damage    Failure   Level
 Fugue of the Fallen      Necr           0%         N/A       75%         3
 Ensorcelled Hibernation  Hex/Ice        Unusable   N/A       N/A         2
 Anguish                  Hex/Necr       Unusable   N/A       N/A         4

Dungeon Overview and Level Annotations

Branches:
Dungeon (12/15)            Temple (1/1) D:4            Lair (0/5) D:9
    Orc (0/2) D:9         Ossuary (visited)          Bailey (visited)

Altars:
Ashenzari
Cheibriados
Dithmenos
Elyvilon
Fedhas
Gozag
Hepliaklqana
Kikubaaqudgha
Makhleb
Nemelex Xobeh
Okawaru
Qazlal
Ru
Sif Muna
Trog
Uskayaw
Vehumet
Wu Jian
Xom
Yredelemnul
Zin
The Shining One

Shops:
D:7 [   D:8 =:(

Annotations:
D:2 1 runed translucent door, Crazy Yiuf
D:6 1 runed translucent door, Tollund's ghost, novice OpSh
D:12 Kirke


Innate Abilities, Weirdness & Mutations

You are a filthy swine.
You move quickly.
Your equipment is almost entirely melded.
You are incapable of wielding weapons or throwing items.
You cannot cast spells.
((You can breathe blasts of fire.))
((Your fiery red scales are hard. (AC +7)))
You cannot fit into any form of body armour.
((Your flesh is heat resistant. (rF+)))
((You are cold-blooded and may be slowed by cold attacks.))
You cannot study or use magical devices.
You cannot study or cast Hexes magic.
You cannot study or cast Ice magic.
You cannot study or cast Summoning magic.
You are sensitive to extremes of temperature. (rF-, rC-)


Message History

Kirke summons a lindwurm!
You redirect the manticore's attack!
The manticore flicks its tail.
The volley of spikes skewers the lindwurm.
Kirke gestures at you while chanting.
Your hands revert to their normal proportions.
Your +2 pair of gloves of hurling unmelds from your body.
Your orb of light unmelds from your body.
You feel that your aim is more steady.
You turn into a filthy swine.
Your +2 pair of gloves of hurling melds into your body.
Your +2 pair of boots of stealth melds into your body.
Your orb of light melds into your body.
Your +6 ring of strength melds into your body.
Your ring of protection from cold melds into your body.
Your aim is not that steady anymore.
You feel less stealthy.
You feel weaker.
You hit the lindwurm but do no damage.
The lindwurm is lightly wounded.
The manticore begins to attack, but is stunned by your conviction!
You redirect the lindwurm's attack!
The lindwurm bites itself.
The lindwurm barely misses itself.
The lindwurm claws itself but does no damage.
Kirke completely misses you.
You redirect the manticore's attack!
The manticore flicks its tail.
The volley of spikes skewers the lindwurm.
The lindwurm completely misses you. The lindwurm barely misses you.
The lindwurm claws you!
Kirke says, "Can we stop fighting?
I have some good wine for you..." The lindwurm attacks as it pursues you!
The lindwurm bites you! The lindwurm misses you.
The lindwurm completely misses you.
You redirect the manticore's attack!
Kirke gestures wildly while chanting.
Kirke summons a manticore!
The lindwurm attacks as it pursues you! The lindwurm bites you!
The lindwurm completely misses you. The lindwurm misses you.
The lindwurm breathes flames at you. The blast of flame hits you!!!
The fire burns you terribly!
Ouch! That really hurt!
You die...

..........................
#####...##################
#...# # #...# #
#...##################
####.....................
...)........<.............
#########.################
#h# # #.# #
#k################
#########@H...............
............[.............
#####...#################
#H..# #...# #..<#


You could see Kirke, a manticore (summoned) and a lindwurm (summoned, catching
breath, skewered).

Vanquished Creatures
  2 two-headed ogres
  Pikel (D:4)
  An orc knight (Bailey)
  An ugly thing (D:11)
  Joseph (D:8)
  2 gargoyles
  2 unseen horrors
  7 komodo dragons
  A troll (D:9)
  Grinder (D:4)
  2 shadows
  3 wraiths
  18 yaks
  4 hogs (D:12)
  2 basilisks
  2 wyverns (D:9)
  2 vampire mosquitoes (D:11)
  2 two-headed ogre zombies (D:9)
  An acid dragon (D:10)
  Edmund (D:6)
  2 water moccasins
  4 orc warriors
  An ice beast (D:6)
  A black bear (D:8)
  2 sky beasts
  An ogre (D:5)
  2 centaurs (D:8)
  A phantom (D:9)
  3 lemures (D:4)
  2 kobold brigands (D:7)
  A gnoll sergeant (D:6)
  2 bullfrogs
  A scorpion (D:5)
  3 wights (D:7)
  6 killer bees
  2 troll zombies (D:9)
  4 howler monkeys
  A gnoll bouda (D:5)
  A bombardier beetle (D:5)
  6 orc priests
  6 iguanas
  Jessica (D:2)
  15 orc wizards
  A sleepcap (D:5)
  4 ogre zombies (D:9)
  8 mummies (Ossuary)
  6 adders
  11 gnolls
  5 shadow imps (D:5)
  2 white imps
  4 ufetubi (D:5)
  A ribbon worm (D:5)
  4 dart slugs
  60 orcs
  10 ball pythons
  9 endoplasms
  2 giant cockroaches
  7 gnoll zombies
  9 hobgoblins
  5 jackals
  12 kobolds
  5 quokkas
  4 bats (D:2)
  5 frilled lizards
  2 gnoll skeletons (D:9)
  7 goblins
  A hobgoblin zombie (Ossuary)
  3 orc skeletons (D:9)
  20 orc zombies
  3 rats
  A spectral hobgoblin (D:3)
335 creatures vanquished.

Vanquished Creatures (others)
  An orc (D:10)
1 creature vanquished.

Grand Total: 336 creatures vanquished

Notes
Turn   | Place    | Note
-------+----------+-------------------------------------------
     0 | D:1      | mandarbmax the Draconian Shapeshifter began the quest for
                  | the Orb.
     0 | D:1      | Reached XP level 1. HP: 16/16 MP: 1/1
   177 | D:1      | Reached XP level 2. HP: 23/23 MP: 2/2
   512 | D:1      | You fall into a shaft and drop 1 floor!
   649 | D:2      | Reached XP level 3. HP: 29/29 MP: 3/3
   704 | D:2      | Found a burning altar of Makhleb.
  1106 | D:2      | Noticed Jessica
  1113 | D:2      | Killed Jessica
  1114 | D:2      | Reached skill level 4 in Unarmed Combat
  1114 | D:2      | Reached XP level 4. HP: 31/36 MP: 4/4
  1168 | D:2      | Found a runed translucent door.
  1169 | D:2      | Noticed Crazy Yiuf
  1974 | D:3      | Found a faded altar of an unknown god.
  2459 | D:3      | Reached XP level 5. HP: 16/42 MP: 5/5
  2742 | D:3      | Identified a scroll of acquirement
  2743 | D:3      | Acquired a +2 pair of gloves of hurling
  3092 | D:4      | Noticed a lemure
  3092 | D:4      | Noticed a lemure
  3094 | D:4      | Noticed Pikel
  3095 | D:4      | Noticed a lemure
  3114 | D:4      | Killed a lemure
  3118 | D:4      | Killed a lemure
  3131 | D:4      | Killed a lemure
  3176 | D:4      | Noticed a lemure
  3320 | D:4      | Killed Pikel
  3321 | D:4      | Reached skill level 6 in Unarmed Combat
  3321 | D:4      | Reached XP level 6. HP: 7/52 MP: 6/6
  3321 | D:4      | Your scales start taking on a fiery red colour.
  3321 | D:4      | Reached XP level 7. HP: 8/59 MP: 7/7
  3321 | D:4      | Gained mutation: Your flesh is heat resistant. (rF+) [Red
                  | Draconian growth]
  3560 | D:4      | Found a staircase to the Ecumenical Temple.
  3588 | D:4      | Noticed Grinder
  3592 | D:4      | Paralysed by Grinder for 4 turns
  3603 | D:4      | Killed Grinder
  3604 | D:4      | Reached skill level 5 in Shapeshifting
  3621 | Temple   | Entered the Ecumenical Temple
  3625 | Temple   | Became a worshipper of Ru the Awakened
  3799 | D:5      | Entered Level 5 of the Dungeon
  3811 | D:5      | Reached skill level 7 in Unarmed Combat
  3896 | D:5      | Reached skill level 5 in Fighting
  3902 | D:5      | Reached XP level 8. HP: 31/68 MP: 8/8
  4395 | D:5      | Found a stormy altar of Qazlal.
  4397 | D:5      | Found a bloodstained altar of Trog.
  4398 | D:5      | Found an ancient bone altar of Kikubaaqudgha.
  4398 | D:5      | Found a radiant altar of Vehumet.
  4398 | D:5      | Found a sparkling altar of Nemelex Xobeh.
  4398 | D:5      | Found an opulent altar of Gozag.
  4400 | D:5      | Found an iron altar of Okawaru.
  4627 | D:6      | Reached skill level 8 in Unarmed Combat
  4764 | D:6      | Gained mutation: You cannot study or cast Ice magic. [Ru
                  | sacrifice]
  4764 | D:6      | Gained mutation: You cannot study or cast Hexes magic. [Ru
                  | sacrifice]
  4764 | D:6      | Gained mutation: You cannot study or cast Summoning magic.
                  | [Ru sacrifice]
  4764 | D:6      | Reached * piety under Ru
  4877 | D:6      | Found a runed translucent door.
  5428 | D:6      | Reached XP level 9. HP: 77/77 MP: 9/9
  5545 | D:6      | Noticed Edmund
  5667 | D:6      | Killed Edmund
  5668 | D:6      | Reached skill level 9 in Unarmed Combat
  5748 | D:6      | Noticed Tollund's ghost (novice OpSh)
  5845 | D:7      | Found a flagged portal.
  5860 | Bailey   | Entered a bailey
  5975 | Bailey   | Identified the ring "Fav Umek" {Wiz Int+2}
  5992 | Bailey   | Noticed an orc knight
  6004 | Bailey   | Killed an orc knight
  6389 | D:7      | Found a sand-covered staircase.
  6409 | Ossuary  | Entered an ossuary
  6484 | Ossuary  | Reached skill level 10 in Unarmed Combat
  6709 | D:7      | Noticed a komodo dragon
  6720 | D:7      | Killed a komodo dragon
  6812 | D:7      | Found Micre Kouli's Armour Emporium.
  6911 | D:7      | Gained mutation: You cannot study or use magical devices.
                  | [Ru sacrifice]
  6911 | D:7      | Reached ** piety under Ru
  6911 | D:7      | Reached *** piety under Ru
  7045 | D:8      | Found Adwuc's Book Boutique.
  7250 | D:8      | Noticed Joseph
  7264 | D:8      | Killed Joseph
  7265 | D:8      | Reached XP level 10. HP: 54/88 MP: 10/10
  7423 | D:8      | Found Zanuij's Jewellery Boutique.
  7606 | D:8      | Found Gofanu's Weapon Emporium.
  8122 | D:9      | Reached skill level 11 in Unarmed Combat
  8283 | D:9      | Noticed a two-headed ogre
  8304 | D:9      | Killed a two-headed ogre
  8320 | D:9      | Found a staircase to the Orcish Mines.
  8599 | D:9      | Found a staircase to the Lair.
  8614 | D:9      | Reached XP level 11. HP: 85/95 MP: 11/11
  9025 | D:10     | Entered Level 10 of the Dungeon
  9056 | D:10     | Gained mutation: You are sensitive to extremes of
                  | temperature. (rF-, rC-) [Ru sacrifice]
  9056 | D:10     | Reached **** piety under Ru
  9056 | D:10     | Reached ***** piety under Ru
  9161 | D:10     | Noticed a two-headed ogre
  9169 | D:10     | Reached skill level 12 in Unarmed Combat
  9178 | D:10     | Killed a two-headed ogre
  9460 | D:10     | Reached skill level 5 in Dodging
  9649 | D:11     | Noticed a purple ugly thing
  9658 | D:11     | Killed a purple ugly thing
  9659 | D:11     | Reached skill level 10 in Shapeshifting
 10438 | D:12     | Noticed Kirke
 10447 | D:12     | Reached skill level 13 in Unarmed Combat
 10470 | D:12     | Noticed a lindwurm
 10478 | D:12     | Killed from afar by a lindwurm

Illustrated notes

Levels and vault maps discovered:
D:1:      dpeg_arrival_arbitrary_c, layout_loops_ring
D:2:      layout_basic, basic_altar, minmay_randomly_rotated_circles,
          uniq_crazy_yiuf_cottage, uniq_jessica
D:3:      layout_basic, dreamdust_ecumenical_altar_drowned_temple, minivault_26,
          bh_walls_and_bars
D:4:      layout_loops_cross, minmay_temple_entry_large_hall, uniq_grinder,
          uniq_pikel
D:5:      layout_basic, grunt_temple_overflow_open, serial_demonic,
          serial_demonic_g, serial_demonic_a, serial_demonic_c,
          serial_demonic_c, serial_demonic_c, serial_demonic_d
D:6:      layout_basic, ebering_ghost_sewer_d, uniq_edmund
D:7:      layout_rooms, enter_bailey_4, nicolae_ossuary_entry_ruins,
          serial_shops, nicolae_take_the_stairs, chequers_serial_rivers_small_a
D:8:      layout_loops_corners, serial_shops, nicolae_shop_bloodbath_and_beyond,
          shop, nicolae_shop_tiny_glass, uniq_joseph
D:9:      layout_roguey, david_lair_shrubbed, zombieorc2_lemuel
D:10:     layout_rooms, minmay_lizard_king
D:11:     layout_basic
D:12:     layout_long_grid, uniq_psyche, uniq_kirke, uniq_snorg
Temple:   nicolae_temple_bog_church

Skill      XL: |  1  2  3  4  5  6  7  8  9 10 11 |
---------------+----------------------------------+-----
Dodging        | 2 4 5 |  5.6
Fighting       | 2 4 5 6 7 8 9 |  9.8
Unarmed Combat | 4 6 7 8 10 11 13 | 13.0
Shapeshifting  | 4 5 6 7 8 10 | 10.1

Action                     |  1- 3 |  4- 6 |  7- 9 | 10-12 || total
---------------------------+-------+-------+-------+-------++-------
  Melee: Unarmed           |   102 |   109 |   306 |   301 ||   818
         Tailslap          |     9 |    14 |    38 |    37 ||    98
         Punch             |       |     4 |     4 |     3 ||    11
         Maw               |       |       |     8 |    83 ||    91
  Throw: Dart              |       |     1 |     1 |       ||     2
 Invoke: Sacrifice Arcana  |       |       |     1 |       ||     1
         Sacrifice Artific |       |       |     1 |       ||     1
         Sacrifice Resista |       |       |       |     1 ||     1
Ability: Breathe Fire      |       |       |    24 |     6 ||    30
    Use: Scroll            |       |     4 |    13 |     3 ||    20
         Potion            |       |     1 |     5 |     2 ||     8
   Stab: Sleeping          |     1 |       |       |       ||     1
         Paralysed         |       |       |       |     1 ||     1
 Armour: Skin              |    40 |    58 |   162 |   154 ||   414
  Dodge: Dodged            |    61 |    62 |   203 |   152 ||   478
   Form: Maw               |       |       |     1 |       ||     1
         Blade             |       |       |       |     1 ||     1

Table legend: (Time is in decaauts)
 A = Elapsed time spent in this place.
 B = Non-inter-level travel time spent in this place.
 C = Inter-level travel time spent in this place.
 D = Time resting spent in this place.
 E = Time spent auto-exploring this place.
 F = Levels seen in this place.
 G = Mean time per level.
                   A        B        C        D        E       F      G
               +--------+--------+--------+--------+--------+-----+--------+
         Total |  10332 |   9950 |    382 |    714 |   7326 |  15 |  688.8 |
       Dungeon |   9697 |   9322 |    375 |    714 |   6967 |  12 |  808.1 |
        Temple |      8 |      1 |      7 |      0 |      0 |   1 |    8.0 |
       Ossuary |    212 |    212 |      0 |      0 |    139 |   1 |  212.0 |
        Bailey |    413 |    413 |      0 |      0 |    220 |   1 |  413.0 |
               +--------+--------+--------+--------+--------+-----+--------+

Top non-repeatable levels by time:
     D:3: 1279 daAuts
     D:6: 1226 daAuts
     D:8: 1030 daAuts
     D:4: 1004 daAuts
     D:2: 984 daAuts
     D:9: 896 daAuts
     D:5: 782 daAuts
    D:11: 665 daAuts
    D:10: 605 daAuts
     D:7: 558 daAuts
     D:1: 509 daAuts
  Bailey: 413 daAuts
 Ossuary: 212 daAuts
    D:12: 153 daAuts
  Temple: 8 daAuts
